 Dungeon Crawl Stone Soup version 0.32-a0-961-gd60f5e5fc7 (webtiles) character file.

Game seed: 2842395066880311554

22 Nietzsche the Chopper (level 2, -2/22 HPs)
             Began as a Demonspawn Gladiator on Apr 17, 2024.
             Succumbed to an adder's poison
             ... on level 2 of the Dungeon.
             The game lasted 00:02:29 (578 turns).

Nietzsche the Chopper (Demonspawn Gladiator)         Turns: 578, Time: 00:02:30

Health: -2/22      AC:  3    Str: 11 (14) XL:     2   Next: 68%
Magic:  2/2        EV: 11    Int:  5 (8)  God:
Gold:   58         SH:  0    Dex: 12 (14) Spells: 1/1 levels left

rFire   . . .        a - +0 war axe
rCold   . . .        (no shield)
rNeg    . . .        b - +0 leather armour
rPois   .            (helmet restricted)
rElec   .            (no cloak)
rCorr   .            (no gloves)
SInv    .            (no boots)
Will    +....        h - amulet of the acrobat
Stlth   +            (no ring)
HPRegen 0.23/turn    (no ring)
MPRegen 0.08/turn

%: acrobat
@: lethally poisoned (-2 -> -11), enlightened, flying
A: horns 1
a: no special abilities


You were on level 2 of the Dungeon.
You visited 1 branch of the dungeon, and saw 2 of its levels.

You collected 58 gold pieces.

Inventory:

Hand Weapons
 a - a +0 war axe (weapon)
 n - a +1 short sword of draining
Missiles
 d - 3 throwing nets (quivered)
 e - a javelin
Armour
 b - a +0 leather armour (worn)
 c - a +0 helmet
Magical Staves
 m - a staff of fire
Jewellery
 h - an amulet of the acrobat (around neck)
Scrolls
 f - a scroll of amnesia {unknown}
 i - a scroll of enchant weapon {unknown}
 k - a scroll of revelation {unknown}
 l - a scroll of noise {unknown}


   Skills:
 + Level 2.0 Fighting
 + Level 3.2 Axes
 + Level 1.7 Throwing
 + Level 3.1 Dodging
 + Level 0.2 Stealth
 * Level 0.1 Spellcasting


You had one spell level left.
You didn't know any spells.
Your spell library contained the following spells:

 Spells                   Type           Power      Damage    Failure   Level
 Fugue of the Fallen      Necr           0%         N/A       91%         3
 Ozocubu's Armour         Ice            0%         N/A       91%         3
 Manifold Assault         Tloc           0%         N/A       100%        7


Dungeon Overview and Level Annotations

Branches:
Dungeon (2/15)

Altars:

Shops:
D:2 =


Innate Abilities, Weirdness & Mutations

You have a pair of small horns on your head.


Message History

An adder comes into view.
Found a metallic emerald potion.
The adder completely misses you.
You barely miss the adder. Your headbutt misses the adder.
The adder barely misses you. The adder bites you.
You hit the adder. Your headbutt misses the adder.
The adder is lightly wounded.
The adder bites you.
You miss the adder.
The adder is lightly wounded.
The adder barely misses you. The adder bites you.
You are poisoned.
The adder poisons you!
You miss the adder.
The adder is lightly wounded.
You feel very sick. The adder bites you.
You are lethally poisoned!
The adder poisons you! The adder completely misses you.
You are too injured to fight recklessly!
You are too injured to fight recklessly!
You are too injured to fight recklessly!
You are too injured to fight recklessly!
It was a potion of degeneration.
There was something very wrong with that liquid.
You feel weakened.
You feel dopey.
You feel clumsy.
You feel sick. The adder bites you.
* * * LOW HITPOINT WARNING * * *
You are more poisoned.
The adder poisons you!
It was a potion of enlightenment.
You feel very buoyant.
You fly up into the air.
* * * LOW HITPOINT WARNING * * *
You feel very sick. The adder bites you.
* * * LOW HITPOINT WARNING * * *
You hit the adder.
The adder is severely wounded.
You die...

##.#.##.# #.#.##.#
#...# #......# #...#
###...###### #...###
##..†....# #.....
#..####.###...#####.
#..##...............
#..#................
#..#........@S......
#.#(..#.###.........
#.........#
#.!<######
###.#...### #...#
#.##.## #...# #. ###
#...# #. #...# #.
.....


You could see an adder.

Vanquished Creatures
  A bat (D:1)
  An endoplasm (D:2)
  2 giant cockroaches (D:1)
  4 hobgoblins
  5 ball pythons (D:1)
  6 kobolds
  A rat (D:1)
20 creatures vanquished.

Notes
Turn   | Place    | Note
-------+----------+-------------------------------------------
     0 | D:1      | Nietzsche the Demonspawn Gladiator began the quest for the
                  | Orb.
     0 | D:1      | Reached XP level 1. HP: 16/16 MP: 1/1
    89 | D:1      | Found a faded altar of an unknown god.
   157 | D:1      | Gained mutation: You have a pair of small horns on your
                  | head. [demonic ancestry]
   157 | D:1      | Reached XP level 2. HP: 18/22 MP: 2/2
   459 | D:2      | Found Loloasch's Jewellery Emporium.
   577 | D:2      | HP: 1/22 [adder (2)]
   578 | D:2      | Succumbed to an adder's poison

Illustrated notes

Levels and vault maps discovered:
D:1:      psy_arrival_terrarium, layout_rooms, chequers_ecumenical_altar_island
D:2:      layout_loops_cross, serial_shops, shop, shop, shop

Skill      XL: |  1  2 |
---------------+-------+-----
Axes           | 3 |  3.2
Dodging        | 3 |  3.1
Fighting       | |  2.0
Throwing       | |  1.7
Stealth        | |  0.2
Spellcasting   | |  0.1

Action                     || total
---------------------------++-------
  Melee: War axe           ||    49
         Headbutt          ||     6
    Use: Potion            ||     2
 Armour: Leather armour    ||    41
  Dodge: Dodged            ||    44

Table legend: (Time is in decaauts)
 A = Elapsed time spent in this place.
 B = Non-inter-level travel time spent in this place.
 C = Inter-level travel time spent in this place.
 D = Time resting spent in this place.
 E = Time spent auto-exploring this place.
 F = Levels seen in this place.
 G = Mean time per level.
                   A        B        C        D        E       F      G
               +--------+--------+--------+--------+--------+-----+--------+
         Total |    596 |    596 |      0 |      0 |    395 |   2 |  298.0 |
       Dungeon |    596 |    596 |      0 |      0 |    395 |   2 |  298.0 |
               +--------+--------+--------+--------+--------+-----+--------+

Top non-repeatable levels by time:
     D:1: 460 daAuts
     D:2: 135 daAuts
